 Dungeon Crawl Stone Soup version 0.18-a0-1109-gfc003ac (webtiles) character file.

6384 st0uf the Reanimator (level 10, -13/79 HPs)
             Began as a Deep Dwarf Necromancer on Jan 16, 2016.
             Was a Follower of Ashenzari.
             Mangled by a hill giant
             ... wielding a +0 giant club
              (22 damage)
             ... on level 10 of the Dungeon on Jan 17, 2016.
             The game lasted 01:32:44 (12941 turns).

st0uf the Reanimator (Deep Dwarf Necromancer)      Turns: 12941, Time: 01:32:44

Health: -13/79     AC:  6    Str: 15    XL:     10   Next: 65%
Magic:  0/21       EV: 15    Int: 19    God:    Ashenzari [*.....]
Gold:   523        SH:  0    Dex: 16    Spells: 3 memorised, 15 levels left

rFire  + . .     SeeInvis +     H - +9 mace of Kaent {holy, Str+3 Dex+3 SInv}
rCold  + . .     Gourm    .     y - +1 robe {rC+ rF+} (curse)
rNeg   . . .     Faith    .     (no shield)
rPois  .         Spirit   .     (no helmet)
rElec  .         Dismiss  +     I - +2 cloak
rCorr  .         Reflect  .     (no gloves)
SustAt .         Harm     .     (no boots)
MR     +....                    f - amulet of dismissal
Stlth  +++.......               (no ring)
                                o - ring of stealth

@: non-regenerating, somewhat resistant to hostile enchantments, fairly stealthy
A: damage resistance, recharge devices, sense surroundings 2, slow regeneration
3
a: Device Recharging, Scrying, Renounce Religion


You were on level 10 of the Dungeon.
You worshipped Ashenzari.
Ashenzari was aware of your devotion.
You were not hungry.

You visited 2 branches of the dungeon, and saw 11 of its levels.
You also visited: Sewer.

You collected 523 gold pieces.

Inventory:

Hand Weapons
 i - a +0 hand crossbow
 H - the +9 mace of Kaent (weapon) {holy, Str+3 Dex+3 SInv}
   (You found it on level 6 of the Dungeon)

   It has been blessed by the Shining One to cause great damage to the undead
   and demons.
   It affects your strength (+3).
   It affects your dexterity (+3).
   It lets you see invisible.
Missiles
 j - 47 bolts
 s - a throwing net (quivered)
Armour
 y - a cursed +1 robe of resistance (worn)
 I - a +2 cloak (worn)
 J - a +0 pair of gloves
Magical Staves
 G - an uncursed staff of conjuration
Jewellery
 f - an amulet of dismissal (around neck)
 o - a ring of stealth (left hand)
 q - an uncursed amulet of rage
 L - an uncursed ring of fire
Wands
 c - a wand of heal wounds (7/9)
 D - a wand of flame (22/48)
 N - a wand of slowing (39/48)
 S - a wand of flame (14/48)
 T - a wand of digging (15/24)
Scrolls
 a - a scroll of curse armour
 g - 3 scrolls of teleportation {unknown}
 k - a scroll of curse jewellery
 r - 6 scrolls of immolation {unknown}
 x - a scroll of random uselessness {unknown}
 A - 3 scrolls of curse weapon
 B - 2 scrolls of enchant armour {unknown}
Potions
 e - 4 potions of curing
 h - 5 potions of heal wounds
 l - 3 potions of berserk rage
 n - 8 potions of flight
 p - a potion of resistance
 t - a potion of might {unknown}
 w - a potion of lignification
 z - a potion of brilliance
 F - 2 potions of agility
 M - 2 potions of poison {unknown}
 O - a potion of mutation {unknown}
 P - a potion of invisibility {unknown}
Books
 b - a book of Necromancy

   Spells                             Type                      Level
   a - Pain                           Necromancy                   1
   b - Animate Skeleton               Necromancy                   1
   c - Vampiric Draining              Necromancy                   3
   d - Regeneration                   Charms/Necromancy            3
   e - Animate Dead                   Necromancy                   4
   f - Control Undead                 Necromancy                   4
 Q - a book of the Tempests

   Spells                             Type                      Level
   a - Static Discharge               Conjuration/Air              3
   b - Lightning Bolt                 Conjuration/Air              5
   c - Fireball                       Conjuration/Fire             5
   d - Tornado                        Air                          9
   e - Shatter                        Earth                        9
 R - a book of Beasts

   Spells                             Type                      Level
   a - Summon Butterflies             Summoning                    1
   b - Call Canine Familiar           Summoning                    3
   c - Summon Ice Beast               Ice/Summoning                4
   d - Summon Mana Viper              Hexes/Summoning              5
   e - Summon Hydra                   Summoning                    7
Comestibles
 d - 6 bread rations
 m - 9 meat rations
 v - 9 slices of pizza
 C - 12 fruits
 K - 4 beef jerkies
 U - a royal jelly


   Skills:
 + Level 1.5 Fighting
 + Level 1.5 Maces & Flails
 + Level 4.8 Dodging
 - Level 2.4 Stealth
 + Level 7.3 Spellcasting
 + Level 12.6 Necromancy
 * Level 8.4 Evocations


You had 15 spell levels left.
You knew the following spells:

 Your Spells              Type           Power        Failure   Level  Hunger
a - Pain                  Necr           ####         1%          1    None
b - Vampiric Draining     Necr           ######....   1%          3    #......
c - Control Undead        Necr           ######....   1%          4    ###....


Dungeon Overview and Level Annotations

Branches:
Dungeon (10/15)            Temple (1/1) D:5            Lair (0/8) D:8
    Orc (0/2) D:9

Altars:
Ashenzari
Cheibriados
Dithmenos
Elyvilon
Fedhas
Gozag
Makhleb
Nemelex Xobeh
Okawaru
Pakellas
Qazlal
Ru
Sif Muna
Trog
Vehumet
Xom
Yredelemnul
Zin
The Shining One

Shops:
D:8 [

Annotations:
D:6 root's ghost, novice TrFi


Innate Abilities, Weirdness & Mutations

You are resistant to damage.
You can recharge devices by infusing magical energy.
You passively map the area around you.
You do not regenerate naturally.


Message History

Evoke which item? (* to show all) (? for menu, Esc to quit)
Zapping:
D - a wand of flame {zapped: 3} (will waste charges)
Press: ? - help, Shift-Dir - straight line, f - hill giant
Aim: a hill giant, wielding a giant club (severely wounded)
The puff of flame hits the hill giant.
The hill giant is severely wounded.
Evoking this partially-identified wand wasted a few charges.
Your skill with magical items lets you calculate the power of this device...
This wand has 23 charges left.
The hill giant hits you with a giant club!!
* * * LOW HITPOINT WARNING * * *
Evoke which item? (* to show all) (? for menu, Esc to quit)
Zapping:
D - a wand of flame (23/48)
Press: ? - help, Shift-Dir - straight line, f/p - hill giant
Aim: a hill giant, wielding a giant club (severely wounded)
The puff of flame hits the hill giant.
The hill giant is almost dead.
This wand has 22 charges left.
The hill giant hits you with a giant club!!
You die...

, * * *
, * * *
*, , *
* + **
* , ,,
, *
#### ,
, ,,*
#.. , ,
* , , ,
###)# ,
, , * ,
,,,,
#oC@# ,
, , ,,
+ , ,,
#D###*,
,, , ,
.$ , ,
..? ,,
, , ###
+ * * *
, ** *,
, ,* *
* *** *


You could see a hill giant, a steam dragon and an orc.

Vanquished Creatures
  Pikel (D:4)
  A two-headed ogre (D:8)
  7 yaks
  A hungry ghost (D:9)
  A mottled dragon (D:8)
  Duvessa (D:8)
  A sky beast (D:5)
  2 ice beasts
  A slave (D:3)
  2 orc warriors (D:9)
  4 ogres
  3 centaurs
  2 crocodiles (D:8)
  5 big kobolds
  6 giant frogs
  Dowan (D:7)
  6 scorpions
  2 jellies
  5 killer bees
  2 crimson imps (D:9)
  A quasit (D:8)
  5 orc priests
  7 hounds
  9 orc wizards
  2 centaur skeletons
  8 iguanas
  A giant frog skeleton (D:8)
  9 worker ants
  2 sheep (D:9)
  A hound skeleton (D:8)
  2 worker ant zombies (D:8)
  9 gnolls
  3 river rats
  16 adders
  2 oozes
  2 adder skeletons
  2 worms
  6 giant geckos
  35 orcs
  7 giant cockroaches
  18 goblins
  19 hobgoblins
  16 jackals
  2 quokkas
  2 ball pythons
  4 bats
  A giant gecko skeleton (D:5)
  6 giant newts
  A jackal skeleton (D:4)
  21 kobolds
  5 rats
278 creatures vanquished.

Vanquished Creatures (collateral kills)
  A yak (D:8)
  A shadow imp (D:6)
  3 orcs (D:4)
  A jackal skeleton (D:6)
6 creatures vanquished.

Vanquished Creatures (others)
  A slave (D:4)
  An orc (D:7)
2 creatures vanquished.

Grand Total: 286 creatures vanquished

Notes
Turn   | Place    | Note
--------------------------------------------------------------
     0 | D:1      | st0uf the Deep Dwarf Necromancer began the quest for the Orb.
     0 | D:1      | Reached XP level 1. HP: 15/15 MP: 3/3
   280 | D:1      | Reached XP level 2. HP: 17/22 MP: 1/4
   421 | D:2      | Found an iron altar of Okawaru.
   421 | D:2      | Found a stormy altar of Qazlal.
   517 | D:3      | Reached skill level 5 in Necromancy
   617 | D:4      | Noticed a scorpion
   721 | D:3      | Reached skill level 1 in Evocations
   736 | D:3      | Reached XP level 3. HP: 21/28 MP: 1/5
   820 | D:3      | Found a deep blue altar of Sif Muna.
   883 | D:3      | Reached XP level 4. HP: 24/36 MP: 2/7
   918 | D:3      | Learned a level 3 spell: Vampiric Draining
   971 | D:3      | Reached skill level 6 in Necromancy
  1163 | D:3      | Reached XP level 5. HP: 18/42 MP: 5/8
  1848 | D:3      | Learned a level 4 spell: Control Undead
  1861 | D:5      | Entered Level 5 of the Dungeon
  1874 | D:5      | Found a glowing drain.
  2031 | Sewer    | Entered a sewer
  2328 | Sewer    | Reached XP level 6. HP: 46/49 MP: 0/9
  2418 | Sewer    | Found a white marble altar of Elyvilon.
  2522 | D:5      | Found an oddly glowing altar of Pakellas.
  2534 | D:5      | Reached skill level 7 in Necromancy
  2543 | D:5      | Found a staircase to the Ecumenical Temple.
  2557 | Temple   | Entered the Ecumenical Temple
  3001 | D:2      | Found a sparkling altar of Nemelex Xobeh.
  3676 | D:2      | Found a blossoming altar of Fedhas.
  4862 | D:4      | Found an oddly glowing altar of Pakellas.
  5052 | D:4      | Found a shattered altar of Ashenzari.
  5055 | D:4      | Became a worshipper of Ashenzari the Shackled
  5337 | D:4      | Reached XP level 7. HP: 32/56 MP: 2/11
  5431 | D:4      | Noticed Pikel
  5559 | D:4      | Found a radiant altar of Vehumet.
  5576 | D:4      | Killed Pikel
  5576 | D:4      | Reached skill level 8 in Necromancy
  5707 | D:4      | Reached XP level 8. HP: 45/63 MP: 8/14
  6021 | D:5      | Reached skill level 9 in Necromancy
  6220 | D:5      | Found a sacrificial altar of Ru.
  6488 | D:6      | Reached skill level 5 in Evocations
  6529 | D:6      | Noticed root's ghost (novice TrFi)
  6670 | D:6      | Found a basalt altar of Yredelemnul.
  6849 | D:6      | Got the mace of Kaent {holy, Str+3 Dex+3 SInv}
  6850 | D:6      | Identified the +9 mace of Kaent {holy, Str+3 Dex+3 SInv} (You found it on level 6 of the Dungeon)
  6922 | D:6      | Found a snail-covered altar of Cheibriados.
  7017 | D:6      | Reached skill level 5 in Spellcasting
  7205 | D:6      | Reached skill level 10 in Necromancy
  7529 | D:7      | Found an oddly glowing altar of Pakellas.
  7535 | D:7      | Noticed Duvessa
  7535 | D:7      | Noticed Dowan
  7801 | D:7      | Found an opulent altar of Gozag.
  7964 | D:7      | Gained mutation: You passively map the area around you. [Deep Dwarf growth]
  7964 | D:7      | Reached XP level 9. HP: 55/69 MP: 8/16
  8036 | D:7      | Killed Dowan
  8751 | D:8      | Reached skill level 11 in Necromancy
  9616 | D:8      | Killed Duvessa
  9756 | D:8      | Found Hasos's Armour Emporium.
 10664 | D:8      | Reached XP level 10. HP: 70/76 MP: 14/19
 10671 | D:8      | Reached skill level 12 in Necromancy
 10685 | D:8      | Found a staircase to the Lair.
 11080 | D:9      | Found a staircase to the Orcish Mines.
 11406 | D:9      | Reached skill level 1 in Maces & Flails
 11489 | D:9      | Reached skill level 1 in Fighting
 11576 | D:10     | Entered Level 10 of the Dungeon
 11803 | D:10     | Noticed a gargoyle
 12089 | D:9      | Reached * piety under Ashenzari
 12097 | D:9      | Found a burning altar of Makhleb.
 12810 | D:9      | Noticed a three-headed hydra
 12930 | D:10     | Noticed a hill giant
 12941 | D:10     | Mangled by a hill giant

Vault maps used:
D:1:      dpeg_arrival_lava_altar
D:2:      lemuel_round_altar, amethyst_overflow_temple_binary,
          lemuel_doored_altar
D:3:      led_sif_book
D:4:      lemuel_coloured_pillars_altar, ashenzari_conservatory_becter,
          vehumet_altar_wand_db, uniq_pikel
D:5:      hangedman_ru_absence, minmay_temple_entry_glass, first_bread,
          portal_sewer_entry_c, grunt_pakellas_mercury
D:6:      corexii_shantytown, nicolae_overflow_crystal_walls,
          kennysheep_vampire_church, yredelemnul_forgotten_temple_becter
D:7:      kennysheep_little_box, basic_altar, uniq_duvessa
D:8:      erik_lair_dragon, serial_shops, shop
D:9:      lightli_temple_of_fire, orc_0_dummy, hangedman_ranch
D:10:     uniq_erolcha
Temple:   hc_temple_tempest_star_small
Sewer:    sewer_kobolds

Action                   |  1- 3 |  4- 6 |  7- 9 | 10-12 || total
-------------------------+-------+-------+-------+-------++-------
Melee: Mace              |       |       |    23 |   120 ||   143
       Unarmed           |       |       |     1 |       ||     1
 Cast: Pain              |    44 |   139 |   223 |    67 ||   473
       Vampiric Draining |       |    37 |    89 |    90 ||   216
       Control Undead    |       |     4 |     6 |     1 ||    11
Evoke: Wand              |       |       |     1 |     4 ||     5
  Use: Scroll            |       |     1 |     8 |     7 ||    16
 Stab: Sleeping          |       |       |     2 |       ||     2
  Eat: Chunk             |     1 |    19 |    20 |    13 ||    53
       Pizza             |       |       |     1 |       ||     1
